 Dungeon Crawl Stone Soup version 0.31-a0-1581-g41d5ff3e7b (webtiles) character file.

Game seed: 12022025812236293053

124 NoAnimeNoLife the Shooter (level 4, -9/34 HPs)
             Began as a Demigod Hexslinger on Jan 5, 2024.
             Mangled by Edmund
             ... wielding a +4 heavy dire flail
              (14 damage)
             ... on level 3 of the Dungeon.
             The game lasted 00:02:13 (2235 turns).

NoAnimeNoLife the Shooter (Demigod Hexslinger)      Turns: 2235, Time: 00:02:14

Health: -9/34      AC:  7    Str:  9    XL:     4   Next: 52%
Magic:  4/8        EV: 10    Int: 15    God:
Gold:   215        SH:  0    Dex: 20    Spells: 3/5 levels left

rFire   . . .        o - +2 sling "Zeext" {flame, rPois Stlth+}
rCold   . . .        (no shield)
rNeg    . . .        g - +0 ring mail
rPois   +            x - +0 helmet
rElec   .            (no cloak)
rCorr   .            f - +0 pair of gloves
SInv    .            (no boots)
Will    .....        (no amulet)
Stlth   ++           (no ring)
HPRegen 0.25/turn    (no ring)
MPRegen 0.11/turn

%: no passive effects
@: brilliant, weak-willed, attractive, hasted, very quick
A: high MP 1, forlorn, divine attributes
a: no special abilities


You were on level 3 of the Dungeon.
You visited 1 branch of the dungeon, and saw 4 of its levels.

You collected 215 gold pieces.

Inventory:

Hand Weapons
 a - a +1 sling
 o - the +2 sling "Zeext" (weapon) {flame, rPois Stlth+}
   (You found it on level 2 of the Dungeon)

   rPois:     It protects you from poison Stlth+: It makes you more stealthy.
Armour
 c - a +0 robe
 f - a +0 pair of gloves (worn)
 g - a +0 ring mail (worn)
 x - a +0 helmet (worn)
Wands
 p - a wand of flame (7)
Scrolls
 d - 2 scrolls of teleportation {unknown}
 i - a scroll of fog {unknown}
 k - a scroll of noise {unknown}
 l - a scroll of fear {unknown}
 m - a scroll of summoning {unknown}
 s - a scroll of identify {unknown}
 t - a scroll of vulnerability {unknown}
Potions
 h - a potion of degeneration {unknown}
 j - a potion of might {unknown}
 r - a potion of mutation {unknown}
 u - a potion of heal wounds {unknown}
 v - 2 potions of invisibility {unknown}
 w - a potion of lignification {unknown}


   Skills:
 - Level 0.8 Fighting
 + Level 3.7 Ranged Weapons
 + Level 2.4 Armour
 - Level 1.7 Dodging
 - Level 1.0 Spellcasting
 - Level 2.6 Hexes
 - Level 0.8 Fire Magic


You had 3 spell levels left.
You knew the following spells:

 Your Spells              Type           Power      Damage    Failure   Level
a - Jinxbite              Hex            26%        N/A       32%         2

Your spell library contained the following spells:

 Spells                   Type           Power      Damage    Failure   Level
 Magic Dart               Conj           4%         1d3       54%         1
 Sting                    Conj/Alch      4%         1d3       54%         1
 Sigil of Binding         Hex            13%        N/A       54%         3
 Inner Flame              Hex/Fire       9%         N/A       67%         3
 Blink                    Tloc           2%         N/A       69%         2
 Lesser Beckoning         Tloc           2%         N/A       69%         2
 Mercury Vapours          Alch/Air       2%         N/A       69%         2
 Momentum Strike          Conj/Tloc      2%         3d8       69%         2
 Searing Ray              Conj           2%         2d4       69%         2
 Cause Fear               Hex            6%         N/A       91%         4
 Dimensional Bullseye     Hex/Tloc       3%         N/A       98%         4
 Fulminant Prism          Conj/Alch      0%         3d5       100%        4
 Olgreb's Toxic Radiance  Alch           1%         N/A       100%        4


Dungeon Overview and Level Annotations

Branches:
Dungeon (4/15)
 Temple: D:4-7

Annotations:
D:3 Edmund
D:4 Sigmund


Innate Abilities, Weirdness & Mutations

You have an increased reservoir of magic. (+10% MP)
You shall have no god before yourself.
Your divine heritage dramatically boosts your attributes as you level up.


Message History

The gnoll closely misses you. Sigmund closely misses you.
Unknown command.
Okay, then.
Edmund misses you. The gnoll barely misses you.
You climb upwards.
There is a stone staircase leading down here.
Unknown command.
It was a potion of curing.
You feel better.
Edmund hits you with a +4 heavy dire flail!
* * * LOW HITPOINT WARNING * * *
Your magical contamination has completely faded away.
Okay, then.
Okay, then.
Casting: Jinxbite (dangerous; 32% risk of failure)
Confirm with . or Enter, or press ? or * to list all spells.
You don't know that spell.
Unknown command.
It was a potion of attraction.
You feel attractive to monsters.
You feel better. Edmund misses you.
You feel better.
Edmund hits you with a +4 heavy dire flail!
* * * LOW HITPOINT WARNING * * *
Aiming: Throw Flame
Press: ? - help, Shift-Dir - straight line, f - Edmund
Aim: Edmund, wielding a +4 heavy dire flail and wearing a +0 ring mail (lightly wounded, 72% to hit)
Okay, then.
Casting: Jinxbite (dangerous; 32% risk of failure)
Confirm with . or Enter, or press ? or * to list all spells.
Okay, then.
Okay, then.
Okay, then.
It was a potion of brilliance.
You feel clever all of a sudden.
It was a potion of haste.
You feel yourself speed up. Edmund completely misses you.
Edmund attacks as he pursues you!
Edmund hits you with a +4 heavy dire flail!
You die...
Edmund says, "That'll show my brother!"

#....###.........#########
#....# ##...|....# #####.#
#....# ##.......# #.....#
#....#####.......# #.###.#
#....#........######.# #.#
.....#...............###.#
.....#.........#####.....#
.....#.........#####.#####
.....#........>@@..#.###
#....#.......#####.#...#
######.......#.........#
#########.####.#..#
#.#.......# #.#.##....#
#.#.......# #.###.....#
#.# #.....#


You could see Edmund.

Vanquished Creatures
  5 adders
  A gnoll (D:4)
  2 ribbon worms (D:3)
  4 dart slugs
  4 orcs (D:3)
  4 endoplasms
  3 giant cockroaches
  4 goblins
  5 hobgoblins
  4 jackals (D:3)
  2 quokkas
  3 ball pythons
  3 frilled lizards
  4 kobolds
  5 rats
53 creatures vanquished.

Vanquished Creatures (others)
  A frilled lizard (D:3)
1 creature vanquished.

Grand Total: 54 creatures vanquished

Notes
Turn   | Place    | Note
-------+----------+-------------------------------------------
     0 | D:1      | NoAnimeNoLife the Demigod Hexslinger began the quest for
                  | the Orb.
     0 | D:1      | Reached XP level 1. HP: 15/15 MP: 4/4
    38 | D:1      | Reached skill level 2 in Ranged Weapons
   262 | D:1      | You fall into a shaft and drop 1 floor!
   351 | D:2      | Reached XP level 2. HP: 22/22 MP: 5/5
   741 | D:2      | Identified the +2 sling "Zeext" {flame, rPois Stlth+}
   821 | D:2      | Reached skill level 3 in Ranged Weapons
   821 | D:2      | Reached skill level 1 in Armour
  1079 | D:2      | Reached XP level 3. HP: 24/27 MP: 6/6
  1162 | D:2      | Identified the +4 quarterstaff of the Spider Nest {spect,
                  | rElec rN+ Dex+6 Stlth-}
  1591 | D:3      | Reached XP level 4. HP: 25/34 MP: 8/8
  2138 | D:4      | Noticed Edmund
  2139 | D:4      | Noticed Sigmund
  2185 | D:3      | Learned a level 2 spell: Jinxbite
  2235 | D:3      | Mangled by Edmund

Illustrated notes

Levels and vault maps discovered:
D:1:      mainiacjoe_arrival_reflecting_pool, layout_rooms,
          hellmonk_ecumenical_altar_heavens_door, minmay_stone_trees_small,
          minmay_misc_feat_rugged
D:2:      layout_basic, basic_altar
D:3:      layout_basic, xom_confusion_cloud
D:4:      layout_cave_pools, kennysheep_cross_room, kennysheep_windowed_goal,
          uniq_edmund, uniq_grinder, uniq_sigmund

Skill      XL: |  1  2  3 |
---------------+----------+-----
Ranged Weapons | 2 3 |  3.7
Armour         | 1 2 |  2.4
Fighting       | |  0.8
Dodging        | |  1.7
Spellcasting   | |  1.0
Hexes          | |  2.6
Fire Magic     | |  0.8

Action                     |  1- 3 |  4- 6 || total
---------------------------+-------+-------++-------
   Fire: Sling             |   105 |    29 ||   134
   Cast: Jinxbite          |       |     1 ||     1
    Use: Scroll            |     1 |       ||     1
         Potion            |       |     6 ||     6
 Armour: Robe              |     1 |       ||     1
         Ring mail         |    19 |    16 ||    35
  Dodge: Dodged            |    11 |    14 ||    25

Table legend: (Time is in decaauts)
 A = Elapsed time spent in this place.
 B = Non-inter-level travel time spent in this place.
 C = Inter-level travel time spent in this place.
 D = Time resting spent in this place.
 E = Time spent auto-exploring this place.
 F = Levels seen in this place.
 G = Mean time per level.
                   A        B        C        D        E       F      G
               +--------+--------+--------+--------+--------+-----+--------+
         Total |   2288 |   2131 |    157 |     46 |   1714 |   4 |  572.0 |
       Dungeon |   2288 |   2131 |    157 |     46 |   1714 |   4 |  572.0 |
               +--------+--------+--------+--------+--------+-----+--------+

Top non-repeatable levels by time:
     D:2: 925 daAuts
     D:3: 879 daAuts
     D:1: 444 daAuts
     D:4: 38 daAuts
